 Dungeon Crawl Stone Soup version 0.31-a0-1522-g43313d8a59 (webtiles) character file.

Game seed: 15581099211294680863

5047 shadizar the Fighter (level 10, -1/81 HPs)
             Began as a Djinni Fire Elementalist on Dec 30, 2023.
             Was a Believer of Makhleb.
             Slain by an unseen horror (9 damage)
             ... on level 10 of the Dungeon.
             The game lasted 00:18:22 (9731 turns).

shadizar the Fighter (Djinni Fire Elementalist)     Turns: 9731, Time: 00:18:23

Health: -1/81      AC:  4    Str:  7    XL:     10   Next: 85%
Gold:   745        EV: 13    Int: 27    God:    Makhleb [**....] SH:  0 Dex: 14

rFire   + + .        q - +10 whip of Taugy {freeze, rC++}
rCold   + . .        (no shield)
rNeg    . . .        a - +1 robe
rPois   ∞            h - +0 helmet
rElec   .            j - scarf {shadows}
rCorr   .            (no gloves)
SInv    .            (boots unavailable)
Will    ++...        (no amulet)
Stlth   ++           i - +6 ring of intelligence
HPRegen 0.33/turn    d - ring of willpower
MPRegen 0.00/turn

%: infuse magic (-2 HP)
@: about to teleport, flying
A: sickness immunity, fire resistance 2, cold vulnerability 1, float, innate
caster, HP casting, extra vitality 1
a: Renounce Religion, Minor Destruction


You were on level 10 of the Dungeon.
You worshipped Makhleb.
Makhleb was pleased with you.
You visited 2 branches of the dungeon, and saw 11 of its levels.

You collected 745 gold pieces.

Inventory:

Hand Weapons
 q - the +10 whip of Taugy (weapon) {freeze, rC++}
   (You found it on level 4 of the Dungeon)

   rC++:      It greatly protects you from cold.
Armour
 a - a +1 robe (worn)
 h - a +0 helmet (worn)
 j - a scarf of shadows (worn)
 s - the +1 chain mail "Qafokes" {rElec}
   (You found it on level 7 of the Dungeon)

   rElec:     It insulates you from electricity.
Jewellery
 d - a ring of willpower (right hand)
 g - a ring of fire
 i - a +6 ring of intelligence (left hand)
Wands
 c - a wand of quicksilver (21)
 k - a wand of roots (19)
 r - a wand of paralysis (2)
 t - a wand of flame (31)
Scrolls
 o - 2 scrolls of poison
Potions
 b - a potion of berserk rage
 f - 2 potions of enlightenment
 m - a potion of cancellation {unknown}
 n - a potion of resistance {unknown}
 p - 2 potions of ambrosia


   Skills:
 + Level 10.5 Fighting
 + Level 2.8 Armour
 + Level 4.0 Dodging
 - Level 1.5 Stealth
 + Level 8.6 Spellcasting
 + Level 8.6 Conjurations
 + Level 8.6 Hexes
 + Level 8.6 Summonings
 + Level 8.6 Necromancy
 + Level 8.6 Translocations
 + Level 8.6 Fire Magic
 + Level 8.6 Ice Magic
 + Level 8.6 Air Magic
 + Level 8.6 Earth Magic
 + Level 8.6 Alchemy


You knew the following spells:

 Your Spells              Type           Power      Damage    Failure   Level
a - Foxfire               Conj/Fire      100%       2x1d9     1%          1
b - Scorch                Fire           100%       2d9       1%          2
c - Volatile Blastmotes   Fire/Tloc      100%       2d18      1%          3
d - Inner Flame           Hex/Fire       55%        N/A       1%          3
e - Flame Wave            Conj/Fire      55%        2d13      1%          4
f - Apportation           Tloc           100%       N/A       1%          1
g - Ensorcelled Hibernat  Hex/Ice        100%       N/A       1%          2
h - Vampiric Draining     Necr           55%        2d9       1%          3
i - Airstrike             Air            27%        2d(4-20)  1%          4
Your spell library was empty.

Dungeon Overview and Level Annotations

Branches:
Dungeon (10/15)            Temple (1/1) D:4
   Lair: D:8-11         Orc: D:9-12

Altars:
Ashenzari
Dithmenos
Elyvilon
Fedhas
Gozag
Hepliaklqana
Makhleb
Nemelex Xobeh
Okawaru
Qazlal
Ru
Trog
Uskayaw
Wu Jian
Yredelemnul
Zin
The Shining One

Shops:
D:8 *

Annotations:
D:5 1 runed translucent door, Crazy Yiuf
D:7 1 runed translucent door, phunky83's ghost, novice KoEn


Innate Abilities, Weirdness & Mutations

You are immune to sickness and miasma.
You are immune to poison.
Your flesh is very heat resistant. (rF++)
You are vulnerable to cold. (rC-)
You float through the air rather than walking.
You learn spells naturally, not from books.
Your magical power is your life essence.
You have superior vitality. (+4 MHP)


Message History

Confirm with . or Enter, or press ? or * to list all spells.
You conjure some foxfire!
The foxfire hits something.
Something hits you but does no damage.
Deactivating autopickup; reactivate with Ctrl-A.
Casting: Foxfire (safe; 1% risk of failure)
Confirm with . or Enter, or press ? or * to list all spells.
You conjure some foxfire!
The foxfire hits something.
Something hits you but does no damage.
The foxfire hits something but does no damage.
Something hits you! Something hits you but does no damage.
Casting: Foxfire (safe; 1% risk of failure)
Confirm with . or Enter, or press ? or * to list all spells.
You conjure some foxfire!
The foxfire hits something!
Something hits you.
Unknown command.
Casting: Foxfire (safe; 1% risk of failure)
Confirm with . or Enter, or press ? or * to list all spells.
You conjure some foxfire!
The foxfire hits something. x2
The foxfire hits something but does no damage.
You hit something but do no damage.
The foxfire hits something.
The foxfire hits something but does no damage.
Something hits you! Something hits you! Something hits you but does no damage.
You see here a polar bear corpse.
Something hits you!
* * * LOW HITPOINT WARNING * * *
Something hits you!
* * * LOW HITPOINT WARNING * * *
Something hits you.
* * * LOW HITPOINT WARNING * * *
You see here a wolf corpse.
As you read the scroll of teleportation, it crumbles to dust.
You feel strangely unstable.
You feel better. Something hits you!
* * * LOW HITPOINT WARNING * * *
Okay, then.
Something hits you!
* * * LOW HITPOINT WARNING * * *
Something barely misses you. Something hits you!
You die...

...........#.....#
.................###+
.......................
.......................
...................#...
..................###..
...................#...
.....#.................
....###......††.@......
.....#......#..........
...........###.....##..
..........## ##.##..$
........... ... ....
......... .#........
........ #....##..#


There were no monsters in sight!

Vanquished Creatures
  Joseph (D:8)
  A rime drake (D:10)
  A polar bear (D:10)
  A hornet (D:9)
  2 yaks
  A steam dragon (D:7)
  2 water moccasins
  A black bear (D:7)
  2 ice beasts (D:10)
  2 orc warriors
  2 sky beasts
  2 wolves (D:10)
  2 centaurs
  A phantom (D:6)
  A kobold brigand (D:9)
  Blork the orc (D:5)
  5 bullfrogs
  5 scorpions
  9 wights
  6 howler monkeys
  3 bombardier beetles
  4 hounds
  4 orc priests
  3 jellies
  4 iguanas
  2 sleepcaps (D:8)
  6 orc wizards
  4 adders
  3 white imps
  4 dart slugs
  27 orcs
  11 endoplasms
  3 giant cockroaches
  10 goblins
  7 hobgoblins
  3 quokkas
  6 ball pythons
  7 bats
  4 frilled lizards
  14 kobolds
  5 rats
182 creatures vanquished.

Vanquished Creatures (others)
  512 foxfires
512 creatures vanquished.

Grand Total: 694 creatures vanquished

Notes
Turn   | Place    | Note
-------+----------+-------------------------------------------
     0 | D:1      | shadizar the Djinni Fire Elementalist began the quest for
                  | the Orb.
     0 | D:1      | shadizar set off with the following spells memorised:
                  | Foxfire, Scorch, Volatile Blastmotes, Inner Flame, Flame
                  | Wave.
     0 | D:1      | Reached XP level 1. HP: 15/15 MP: 0/0
   225 | D:1      | Reached XP level 2. HP: 16/22 MP: 0/0
   256 | D:1      | Reached skill level 1 in Fighting
   437 | D:1      | Reached XP level 3. HP: 21/27 MP: 0/0
   437 | D:1      | Learned a level 1 spell: Apportation
   899 | D:1      | Reached skill level 2 in Fighting
  1020 | D:2      | Reached XP level 4. HP: 31/33 MP: 0/0
  2009 | D:3      | Found a basalt altar of Yredelemnul.
  2178 | D:3      | Noticed a scorpion
  2195 | D:3      | Killed a scorpion
  2196 | D:3      | Reached skill level 3 in Fighting
  2196 | D:3      | Reached XP level 5. HP: 20/40 MP: 0/0
  2196 | D:3      | Learned a level 2 spell: Ensorcelled Hibernation
  2360 | D:3      | Found a broken altar of Ashenzari.
  2729 | D:4      | Identified the +10 whip of Taugy {freeze, rC++}
  2792 | D:4      | Reached XP level 6. HP: 38/46 MP: 0/0
  2852 | D:4      | Reached skill level 4 in Fighting
  3029 | D:4      | Reached XP level 7. HP: 27/53 MP: 0/0
  3029 | D:4      | Learned a level 3 spell: Vampiric Draining
  3314 | D:4      | Reached skill level 5 in Fighting
  3314 | D:4      | Reached skill level 5 in Spellcasting
  3314 | D:4      | Reached skill level 5 in Conjurations
  3314 | D:4      | Reached skill level 5 in Hexes
  3314 | D:4      | Reached skill level 5 in Summonings
  3314 | D:4      | Reached skill level 5 in Necromancy
  3314 | D:4      | Reached skill level 5 in Translocations
  3314 | D:4      | Reached skill level 5 in Fire Magic
  3314 | D:4      | Reached skill level 5 in Ice Magic
  3314 | D:4      | Reached skill level 5 in Air Magic
  3314 | D:4      | Reached skill level 5 in Earth Magic
  3314 | D:4      | Reached skill level 5 in Alchemy
  3338 | D:4      | Found a staircase to the Ecumenical Temple.
  3354 | Temple   | Entered the Ecumenical Temple
  3466 | D:4      | Found a sparkling altar of Nemelex Xobeh.
  3517 | D:4      | Found a hide-covered altar of Uskayaw.
  3852 | Temple   | Became a worshipper of Makhleb the Destroyer
  3892 | D:5      | Entered Level 5 of the Dungeon
  3894 | D:5      | Noticed a water moccasin
  3898 | D:5      | Killed a water moccasin
  3899 | D:5      | Reached XP level 8. HP: 56/61 MP: 0/0
  4191 | D:5      | Noticed Blork the orc
  4196 | D:5      | Killed Blork the orc
  4197 | D:5      | Reached skill level 6 in Fighting
  4553 | D:5      | Found a runed translucent door.
  4554 | D:5      | Noticed Crazy Yiuf
  4786 | D:6      | Reached skill level 7 in Fighting
  5190 | D:6      | Reached XP level 9. HP: 63/68 MP: 0/0
  5190 | D:6      | Learned a level 4 spell: Airstrike
  5213 | D:6      | Reached * piety under Makhleb
  5439 | D:6      | Reached skill level 8 in Fighting
  6500 | D:7      | Reached skill level 9 in Fighting
  6731 | D:7      | Found a glowing silver altar of Zin.
  7003 | D:7      | Found a runed translucent door.
  7007 | D:7      | Noticed phunky83's ghost (novice KoEn)
  7091 | D:7      | Identified the +1 chain mail "Qafokes" {rElec}
  7423 | D:8      | Noticed Joseph
  7439 | D:8      | Killed Joseph
  7440 | D:8      | Reached XP level 10. HP: 70/78 MP: 0/0
  7898 | D:8      | Found Gurreol's General Store.
  8017 | D:8      | Reached skill level 10 in Fighting
  8117 | D:8      | Reached ** piety under Makhleb
  8192 | D:8      | Found a white marble altar of Elyvilon.
  8727 | D:9      | Reached skill level 1 in Armour
  8771 | D:9      | HP: 4/80 [yak (11)]
  9356 | D:10     | Entered Level 10 of the Dungeon
  9356 | D:10     | Noticed a kobold demonologist
  9356 | D:10     | Noticed a kobold demonologist
  9541 | D:10     | Noticed a rime drake
  9550 | D:10     | Killed a rime drake
  9561 | D:10     | HP: 5/121 [polar bear (16)]
  9561 | D:10     | HP: 2/121 [polar bear (3)]
  9731 | D:10     | Slain by an unseen horror

Illustrated notes

Levels and vault maps discovered:
D:1:      dpeg_arrival_rooms_c, layout_basic, minmay_box_of_dots
D:2:      layout_loops_corners
D:3:      layout_rooms, evilmike_ruin_ashenzari, mainiacjoe_overflow_boulevard,
          hangedman_glass_teeth, minmay_misc_feat_roman, minmay_strange_pillars
D:4:      layout_cave_pools, amcnicky_altar_gilded, nemelex_dance_club_becter,
          nicolae_overflow_hidden_temple, minmay_temple_entry_grid
D:5:      layout_basic, lemuel_round_altar, hex_large, uniq_blork_the_orc,
          uniq_crazy_yiuf_cottage
D:6:      layout_loops_corners
D:7:      layout_layer_cave, zin_academy, ebering_ghost_reflecting_pool
D:8:      layout_gridville, elyvilon_altar_4, serial_shops,
          nicolae_shop_gibbet_a_chance, uniq_joseph
D:9:      layout_grid_maze
D:10:     layout_big_octagon, mainiacjoe_overflow_catwalk,
          hellmonk_lair_entry_icy, minmay_orc_entry_temple_small,
          nicolae_trove_entry_columns, serial_shops, shop, minivault_16
Temple:   nicolae_temple_no_exploring_needed

Skill      XL: |  1  2  3  4  5  6  7  8  9 10 |
---------------+-------------------------------+-----
Fighting       | 1 2 3 4 5 7 9 10 | 10.5
Spellcasting   | 4 5 6 7 8 |  8.6
Conjurations   | 4 5 6 7 8 |  8.6
Hexes          | 4 5 6 7 8 |  8.6
Summonings     | 4 5 6 7 8 |  8.6
Necromancy     | 4 5 6 7 8 |  8.6
Translocations | 4 5 6 7 8 |  8.6
Fire Magic     | 4 5 6 7 8 |  8.6
Ice Magic      | 4 5 6 7 8 |  8.6
Air Magic      | 4 5 6 7 8 |  8.6
Earth Magic    | 4 5 6 7 8 |  8.6
Alchemy        | 4 5 6 7 8 |  8.6
Armour         | 2 |  2.8
Dodging        | 4 |  4.0
Stealth        | |  1.5

Action                     |  1- 3 |  4- 6 |  7- 9 | 10-12 || total
---------------------------+-------+-------+-------+-------++-------
  Melee: Unarmed           |    11 |       |       |       ||    11
         Dagger            |       |     3 |       |       ||     3
         Whip              |       |     5 |       |    18 ||    23
   Cast: Foxfire           |    12 |    48 |   193 |    70 ||   323
         Scorch            |    39 |    31 |    75 |    33 ||   178
         Airstrike         |       |       |       |    21 ||    21
    Use: Scroll            |       |       |    18 |     3 ||    21
         Potion            |       |       |       |     7 ||     7
 Armour: Robe              |    16 |    18 |    23 |    66 ||   123
  Dodge: Dodged            |    18 |    31 |    18 |    46 ||   113

Table legend: (Time is in decaauts)
 A = Elapsed time spent in this place.
 B = Non-inter-level travel time spent in this place.
 C = Inter-level travel time spent in this place.
 D = Time resting spent in this place.
 E = Time spent auto-exploring this place.
 F = Levels seen in this place.
 G = Mean time per level.
                   A        B        C        D        E       F      G
               +--------+--------+--------+--------+--------+-----+--------+
         Total |   9737 |   9503 |    234 |      0 |   7843 |  11 |  885.2 |
       Dungeon |   9718 |   9490 |    228 |      0 |   7843 |  10 |  971.8 |
        Temple |     19 |     13 |      6 |      0 |      0 |   1 |   19.0 |
               +--------+--------+--------+--------+--------+-----+--------+

Top non-repeatable levels by time:
     D:6: 1550 daAuts
     D:8: 1337 daAuts
     D:7: 1153 daAuts
     D:4: 1020 daAuts
     D:2: 982 daAuts
     D:1: 973 daAuts
     D:3: 897 daAuts
     D:5: 758 daAuts
     D:9: 663 daAuts
    D:10: 382 daAuts
  Temple: 19 daAuts
